 Dungeon Crawl Stone Soup version 0.28.0-1-gb440e238dd (webtiles) character file.

Game seed: 17787576892332230598

17331 Kaptain the Geomancer (level 12, -1/85 HPs)
             Began as an Octopode Earth Elementalist on Feb 24, 2022.
             Killed from afar by a rime drake (17 damage)
             ... with a flash freeze
             ... on level 4 of the Lair of Beasts.
             The game lasted 00:44:37 (18083 turns).

Kaptain the Geomancer (OpEE)                       Turns: 18083, Time: 00:44:39

Health: -1/85      AC:  1    Str:  7    XL:     12   Next: 46%
Magic:  14/24      EV: 14    Int: 27    God:
Gold:   884        SH:  7    Dex: 14    Spells: 14/28 levels left

rFire   . . .      SeeInvis +   I - +1 hand crossbow
rCold   . . .      Faith    .   S - +2 buckler
rNeg    . . .      Spirit   .   (helmet restricted)
rPois   .          Reflect  .   H - amulet of magic regeneration
rElec   .          Harm     .   v - ring of wizardry
rCorr   .          Rampage  .   w - ring of see invisible
Will    .....                   C - +6 ring of intelligence
Stlth   +++++.....              Z - ring of wizardry
HPRegen 0.24/turn               (no ring)
MPRegen 0.59/turn               (no ring)
                                (no ring)
                                (no ring)

@: no status effects
A: almost no armour, amphibious, 8 rings, camouflage 1, gelatinous body 1,
(nimble swimmer 1), tentacles
a: no special abilities


You were on level 4 of the Lair of Beasts.
You visited 3 branches of the dungeon, and saw 15 of its levels.

You collected 884 gold pieces.

Inventory:

Hand Weapons
 e - a +0 short sword of venom
 q - a +0 trident
 t - a +0 hunting sling
 I - a +1 hand crossbow (weapon)
 J - a +0 eveningstar
 K - the +0 dagger of Urgency {holy, rC- Str+7 Dex+2}
   (You found it on level 7 of the Dungeon)

   It has been blessed by the Shining One to cause great damage to the undead
   and demons.
   Str:       It affects your strength (+7).
   Dex:       It affects your dexterity (+2).
   rC:        It makes you vulnerable to cold.
 U - a +3 battleaxe
Missiles
 b - 522 stones
 d - 6 silver javelins
 h - 68 sling bullets
 s - 144 bolts (quivered ammo)
 x - 4 datura-tipped darts
 z - 7 boomerangs
 E - 3 boomerangs of dispersal
 N - 27 poisoned darts
Armour
 i - a +0 kite shield
 S - a +2 buckler (worn)
Magical Staves
 o - a staff of earth
 p - a staff of poison
Jewellery
 v - a ring of wizardry (left tentacle)
 w - a ring of see invisible (right tentacle)
 C - a +6 ring of intelligence (on tentacle)
 H - an amulet of magic regeneration (around mantle)
 Z - a ring of wizardry (on tentacle)
Wands
 y - a wand of flame (64)
 F - a wand of iceblast (4)
 L - a wand of paralysis (4)
 M - a wand of acid (5)
 O - a wand of polymorph (3)
 T - a wand of digging (4)
 V - a wand of mindburst (4)
Scrolls
 c - a scroll of noise {unknown}
 r - a scroll of acquirement
 u - 5 scrolls of teleportation
 G - a scroll of fear
 P - 4 scrolls of enchant weapon
Potions
 a - 2 potions of brilliance
 f - 3 potions of berserk rage
 g - 7 potions of curing
 j - 2 potions of might
 k - 4 potions of mutation
 m - 2 potions of degeneration {unknown}
 n - a potion of lignification {unknown}
 Q - a potion of ambrosia {unknown}
 X - 2 potions of cancellation
 Y - a potion of flight {unknown}
Miscellaneous
 A - a phantom mirror


   Skills:
 * Level 9.1 Fighting
 + Level 4.3 Dodging
 + Level 8.3 Stealth
 + Level 5.1 Shields
 * Level 8.6 Spellcasting
 * Level 9.2 Conjurations
 + Level 2.0 Transmutations
 * Level 9.7 Earth Magic


You had 14 spell levels left.
You knew the following spells:

 Your Spells              Type           Power      Damage    Failure   Level
a - Sandblast             Erth           100%       2d20      1%          1
b - Stone Arrow           Conj/Erth      100%       3d13      1%          3
c - Blink                 Tloc           22%        N/A       2%          2
d - Sticky Flame          Conj/Fire      36%        2d6       2%          4
e - Ice Form              Ice/Tmut       17%        N/A       11%         4

Your spell library contained the following spells:

 Spells                   Type           Power      Damage    Failure   Level
 Animate Skeleton         Necr           22%        N/A       1%          1
 Apportation              Tloc           22%        N/A       1%          1
 Foxfire                  Conj/Fire      100%       2x1d9     1%          1
 Slow                     Hex            44%        N/A       1%          1
 Summon Small Mammal      Summ           44%        N/A       1%          1
 Passwall                 Tmut/Erth      35%        N/A       1%          2
 Static Discharge         Conj/Air       36%        N/A       1%          2
 Conjure Flame            Conj/Fire      36%        6-21      1%          3
 Petrify                  Tmut/Erth      43%        N/A       1%          4
 Ensorcelled Hibernation  Hex/Ice        22%        N/A       2%          2
 Flame Wave               Conj/Fire      36%        2d9       2%          4
 Hailstorm                Conj/Ice       36%        3d9       2%          4
 Spider Form              Tmut/Pois      17%        N/A       3%          3
 Ignite Poison            Fire/Tmut/Pois 15%        N/A       4%          3
 Confusing Touch          Hex            11%        N/A       5%          3
 Inner Flame              Hex/Fire       11%        N/A       5%          3
 Lesser Beckoning         Tloc           11%        N/A       5%          3
 Ozocubu's Armour         Ice            11%        N/A       5%          3
 Vampiric Draining        Necr           11%        2d6       5%          3
 Lightning Bolt           Conj/Air       18%        1d32      7%          5
 Anguish                  Hex/Necr       5%         N/A       17%         4
 Manifold Assault         Tloc           11%        N/A       41%         5
 Simulacrum               Ice/Necr       5%         N/A       90%         6
 Ozocubu's Refrigeration  Ice            5%         4d6       100%        7
 Maxwell's Capacitive Co  Air            5%         ∞         100%        8


Dungeon Overview and Level Annotations

Branches:
Dungeon (10/15)            Temple (1/1) D:7            Lair (4/6) D:10
 Spider (0/4) Lair:2          Orc (0/2) D:9
  Swamp: Lair:2-4    Shoals: Lair:2-4

Altars:
Ashenzari
Cheibriados
Dithmenos
Elyvilon
Fedhas
Gozag
Hepliaklqana
Kikubaaqudgha
Makhleb
Nemelex Xobeh
Okawaru
Qazlal
Ru
Sif Muna
Trog
Uskayaw
Vehumet
Wu Jian
Xom
Yredelemnul
Zin
The Shining One

Annotations:
Lair:1 2 transporters, 1 runed translucent door, MacCMillion's ghost, novice GrFi


Innate Abilities, Weirdness & Mutations

You cannot wear most types of armour.
You are amphibious.
You can wear up to eight rings at the same time.
Your skin changes colour to match your surroundings (Stealth+).
Your rubbery body absorbs attacks. (AC +1, EV +1)
((You are camouflaged when in or above water. (Stealth+)))
You have tentacles for arms and can constrict up to eight enemies at once.


Message History

Unknown command.
Casting: Stone Arrow (safe; 1% risk of failure)
Confirm with . or Enter, or press ? or * to list all spells.
Aiming: Stone Arrow (safe; 1% risk of failure)
Press: ? - help, Shift-Dir - straight line, f/p - lindwurm
Aim: a lindwurm (89% to hit)
The stone arrow hits the lindwurm.
The lindwurm is lightly wounded.
Unknown command.
Casting: Stone Arrow (safe; 1% risk of failure)
Confirm with . or Enter, or press ? or * to list all spells.
Aiming: Stone Arrow (safe; 1% risk of failure)
Press: ? - help, Shift-Dir - straight line, f/p - lindwurm
Aim: a lindwurm (lightly wounded, 89% to hit)
The stone arrow hits the lindwurm!
The lindwurm is moderately wounded.
The lindwurm bites you!
* * * LOW HITPOINT WARNING * * *
The lindwurm barely misses you. The lindwurm claws you.
* * * LOW HITPOINT WARNING * * *
You hear an angry hiss.
Casting: Stone Arrow (safe; 1% risk of failure)
Confirm with . or Enter, or press ? or * to list all spells.
Aiming: Stone Arrow (safe; 1% risk of failure)
Press: ? - help, Shift-Dir - straight line, f/p - lindwurm
Aim: a lindwurm (moderately wounded, 89% to hit)
The stone arrow hits the lindwurm!!
The lindwurm is severely wounded.
The lindwurm misses you. You block the lindwurm's attack. x2
Unknown command.
Casting: Stone Arrow (safe; 1% risk of failure)
Confirm with . or Enter, or press ? or * to list all spells.
Aiming: Stone Arrow (safe; 1% risk of failure)
Press: ? - help, Shift-Dir - straight line, f/p - lindwurm
Aim: a lindwurm (severely wounded, 89% to hit)
The stone arrow hits the lindwurm!!
You kill the lindwurm!
The rime drake breathes ice at you. The flash freeze hits you!
You die...

#..#....P.. . ..#..(.k.
...# ##.#...(.P ....P
#[.##..k.##.....P
#...............
##..#....# .....#
#..#..#.###......
#....#.k##.......
#P.......@.......
##...............
##...............
#..................P
##...............#.#
#P..##P..#.#......#
##.###...###.....# ...
##.........P#.....##...#
#..........##......#....


You could see a rime drake (catching breath).

Vanquished Creatures
  A hydra (Lair:3)
  A two-headed ogre (D:9)
  An orb spider (Lair:2)
  A lindwurm (Lair:4)
  2 oklob plants (Lair:3)
  5 cane toads
  5 komodo dragons
  A rime drake (Lair:2)
  A tengu conjurer (D:8)
  A troll (D:10)
  4 slime creatures (D:9)
  3 blink frogs (Lair:1)
  2 hornets
  A shadow (D:10)
  3 wyverns
  25 yaks
  2 steam dragons
  A basilisk (Lair:3)
  8 vampire mosquitoes
  An acid dragon (D:9)
  5 water moccasins
  3 orc warriors
  6 necrophages
  A hornet zombie (D:6)
  2 ogres (D:5)
  5 wolves
  4 centaurs
  2 phantoms (D:5)
  3 kobold brigands
  4 scorpions
  2 bullfrogs
  A water moccasin zombie (D:5)
  A water moccasin skeleton (D:6)
  A wight (D:9)
  5 centaur zombies
  A bullfrog skeleton (D:5)
  3 bullfrog zombies (D:6)
  A jelly (D:5)
  A centaur skeleton (D:7)
  An iguana (D:5)
  5 orc wizards
  2 killer bee zombies (D:8)
  A hound skeleton (D:5)
  2 mummies (D:9)
  5 howler monkey zombies
  4 gnolls (D:3)
  2 howler monkey skeletons
  6 adders
  3 worms
  A dart slug (D:4)
  19 orcs
  5 endoplasms
  2 giant cockroaches
  8 goblins
  2 hobgoblins
  5 quokkas
  7 ball pythons
  2 bats
  A frilled lizard (D:3)
  17 kobolds
  4 rats
224 creatures vanquished.

Vanquished Creatures (others)
  7 fungi
  36 plants
  8 toadstools (Lair:1)
  6 withered plants (D:9)
57 creatures vanquished.

Grand Total: 281 creatures vanquished

Notes
Turn   | Place    | Note
-------+----------+-------------------------------------------
     0 | D:1      | Kaptain the Octopode Earth Elementalist began the quest for
                  | the Orb.
     0 | D:1      | Reached XP level 1. HP: 11/11 MP: 3/3
   469 | D:1      | Reached XP level 2. HP: 18/18 MP: 5/5
   625 | D:1      | Found a faded altar of an unknown god.
  1289 | D:2      | Reached XP level 3. HP: 22/22 MP: 4/6
  1293 | D:2      | Learned a level 3 spell: Stone Arrow
  1372 | D:2      | Reached skill level 1 in Fighting
  1796 | D:2      | Reached skill level 1 in Conjurations
  2439 | D:3      | Reached XP level 4. HP: 28/28 MP: 4/7
  2809 | D:3      | Learned a level 2 spell: Blink
  2840 | D:3      | Found a hazy altar of Hepliaklqana.
  3397 | D:3      | Found a blossoming altar of Fedhas.
  3468 | D:3      | Reached XP level 5. HP: 34/34 MP: 5/8
  4426 | D:5      | Entered Level 5 of the Dungeon
  4442 | D:5      | Noticed an ogre
  4559 | D:5      | Noticed a phantom
  4604 | D:5      | Reached XP level 6. HP: 30/39 MP: 0/10
  4853 | D:5      | You fall into a shaft and drop 1 floor!
  4890 | D:5      | Reached XP level 7. HP: 46/46 MP: 1/12
  5330 | D:5      | Reached skill level 5 in Earth Magic
  5548 | D:5      | Reached XP level 8. HP: 54/54 MP: 7/14
  5602 | D:5      | Noticed a yak
  5602 | D:5      | Noticed a yak
  5603 | D:5      | Noticed a yak
  5630 | D:4      | Killed a yak
  5835 | D:5      | Killed a yak
  5839 | D:5      | Killed a yak
  6287 | D:6      | Reached skill level 5 in Fighting
  6287 | D:6      | Reached skill level 5 in Spellcasting
  6287 | D:6      | Reached skill level 5 in Conjurations
  6486 | D:6      | Reached XP level 9. HP: 61/61 MP: 9/16
  6749 | D:6      | Found a burning altar of Makhleb.
  7053 | D:6      | Found a glowing golden altar of the Shining One.
  7316 | D:7      | Identified the +0 dagger of Urgency {holy, rC- Str+7 Dex+2}
  7389 | D:7      | Found a broken altar of Ashenzari.
  7393 | D:7      | Saw a vision of the Swamp and the Spider Nest.
  7393 | D:7      | Noticed a goliath frog
  7393 | D:7      | Noticed a will-o-the-wisp
  7395 | D:7      | Noticed a will-o-the-wisp
  7519 | D:7      | Noticed a hornet
  7524 | D:7      | Killed a hornet
  7573 | D:7      | Found a staircase to the Ecumenical Temple.
  7590 | Temple   | Entered the Ecumenical Temple
  8624 | D:8      | Reached skill level 5 in Stealth
  8897 | D:8      | Reached XP level 10. HP: 69/69 MP: 13/19
  9717 | D:9      | Reached skill level 1 in Shields
  9777 | D:9      | Found a stormy altar of Qazlal.
 10710 | D:8      | Reached XP level 11. HP: 75/75 MP: 8/21
 11175 | D:9      | Found an opulent altar of Gozag.
 11425 | D:9      | Found an ornate altar of the Wu Jian Council.
 11517 | D:9      | Found a staircase to the Orcish Mines.
 11789 | D:10     | Entered Level 10 of the Dungeon
 11793 | D:10     | Found a sacrificial altar of Ru.
 11797 | D:10     | Found a sparkling altar of Nemelex Xobeh.
 11802 | D:10     | Found an iron altar of Okawaru.
 11806 | D:10     | Found a white marble altar of Elyvilon.
 11807 | D:10     | Found a basalt altar of Yredelemnul.
 11927 | D:10     | Noticed a two-headed ogre
 11969 | D:9      | Killed a two-headed ogre
 12700 | D:10     | Found a staircase to the Lair.
 13400 | Lair:1   | Entered Level 1 of the Lair of Beasts
 13572 | Lair:1   | Learned a level 4 spell: Sticky Flame
 13752 | Lair:1   | Reached skill level 5 in Shields
 14017 | Lair:1   | Noticed a four-headed hydra
 14018 | Lair:1   | Noticed a four-headed hydra
 14024 | Lair:1   | Noticed MacCMillion's ghost (novice GrFi)
 14159 | Lair:1   | Found a transporter.
 14159 | Lair:1   | Found a transporter.
 14239 | Lair:1   | Noticed a dire elephant
 14239 | Lair:1   | Noticed a dire elephant
 14255 | Lair:1   | Found a runed translucent door.
 14684 | Lair:1   | Reached XP level 12. HP: 56/84 MP: 18/24
 15269 | Lair:2   | Found a hole to the Spider Nest.
 15801 | Lair:3   | Noticed a seven-headed hydra
 15807 | Lair:3   | Killed a seven-headed hydra
 17088 | Lair:3   | Identified a scroll of acquirement
 17304 | Lair:3   | Found a blossoming altar of Fedhas.
 18019 | Lair:4   | Learned a level 4 spell: Ice Form
 18075 | Lair:4   | HP: 4/85 [lindwurm/blast of flame (18)]
 18083 | Lair:4   | Killed from afar by a rime drake

Illustrated notes

Levels and vault maps discovered:
D:1:      wander_arrival_chamber, layout_basic,
          hellmonk_ecumenical_altar_arch_garden
D:2:      minmay_door_path, layout_loops_ring
D:3:      layout_loops_corners, nicolae_overflow_hidden_temple, fedhas_altar_3
D:4:      layout_cave_pools
D:5:      layout_rooms
D:6:      layout_basic, lemuel_doored_altar, mainiacjoe_overflow_tiny_flanked
D:7:      layout_cave_pools, grunt_ashenzari_visionary
          [grunt_ashenzari_visionary_swamp, grunt_ashenzari_visionary_spider],
          minmay_temple_entry_antechambers, lemuel_flamethrower_2
D:8:      layout_loops_ring, minmay_misc_feat_diagonals, nicolae_two_hexagons,
          kb_lookout_dungeons_type
D:9:      minmay_klotski, layout_stronghold,
          nicolae_gozag_cash_rules_everything_around_me,
          lemuel_coloured_pillars_altar, grunt_qazlal_sundering, david_orc_2,
          serial_undead, serial_undead_b, serial_undead_d, serial_undead_f,
          serial_undead_b, serial_undead_e, serial_undead_d,
          chequers_serial_rivers_small_3, eino_curves_01
D:10:     layout_small_grid, minitemple, david_lair_shrubbed, minivault_7
Temple:   jpeg_temple_island
Lair:1:   gammafunk_lair_enchanted_lake, layout_cave_shapes, nzn_ghost_randoct,
          lemuel_fruit_tree, infiniplex_staircase_pool_2
Lair:2:   layout_roguey, nicolae_spider_entry_orb_guardian, grunt_megastairs_1
Lair:3:   layout_loops_ring, hangedman_tree_tricks
Lair:4:   layout_regular_city, skrybe_swamp_entry_bodies

Skill      XL: |  1  2  3  4  5  6  7  8  9 10 11 12 |
---------------+-------------------------------------+-----
Stealth        | 3 5 6 7 8 |  8.3
Fighting       | 1 2 3 5 6 7 8 9 |  9.1
Conjurations   | 1 2 3 5 6 7 8 9 |  9.2
Spellcasting   | 3 4 5 6 7 8 |  8.6
Earth Magic    | 4 5 6 7 8 9 |  9.7
Dodging        | 3 4 |  4.3
Shields        | 3 5 |  5.1
Transmutations | 2 |  2.0

Action                   |  1- 3 |  4- 6 |  7- 9 | 10-12 || total
-------------------------+-------+-------+-------+-------++-------
Melee: Dagger            |     5 |       |       |       ||     5
       Constrict         |     8 |    10 |     1 |       ||    19
       Short sword       |    26 |    15 |     4 |       ||    45
       Tentacles         |     7 |     6 |     9 |       ||    22
       Staff             |       |    12 |    21 |       ||    33
       Punch             |       |     1 |     1 |       ||     2
       Quarterstaff      |       |       |     7 |       ||     7
 Fire: Hunting sling     |       |     6 |       |       ||     6
       Hand crossbow     |       |       |       |   131 ||   131
Throw: Javelin           |       |     1 |       |       ||     1
 Cast: Sandblast         |    24 |    37 |    23 |    10 ||    94
       Stone Arrow       |       |    10 |    72 |   243 ||   325
       Ice Form          |       |       |       |     1 ||     1
  Use: Scroll            |       |       |       |    18 ||    18
       Potion            |       |       |       |     6 ||     6
 Stab: Sleeping          |     8 |     6 |       |       ||    14
Armor: Skin              |     1 |     1 |     3 |     6 ||    11
Dodge: Dodged            |    17 |    25 |    24 |    68 ||   134
Block: Buckler           |       |       |       |    37 ||    37
